[ AOE2 MATCH · #469117687 ]
UnrankedItalians vs Poles
Player's team · LOSS
Rival team · WIN
[ REPLAY ANALYSIS · EXTRACTED FROM THE RECORDED GAME ]
Feudal
8:57
Castle
19:58
Imperial
34:46
| APM avg | 61.4 |
| APM peak | 101 |
| eAPM avg | 31.7 |
| Villagers / military | 123 / 70 |
Focus
⚔️ 60.5% · 🌾 39.5%
Knight ×35 · Genoese Crossbowman ×24 · Spearman ×5 · Scout Cavalry ×3 · Monk ×2 · Battering Ram ×1
Feudal
9:23
Castle
19:59
Imperial
32:15
| APM avg | 64.2 |
| APM peak | 102 |
| eAPM avg | 31.3 |
| Villagers / military | 154 / 167 |
Focus
⚔️ 31.5% · 🌾 68.5%
Knight ×142 · Scout Cavalry ×9 · Monk ×7 · Trebuchet (Packed) ×6 · Spearman ×3
Match map
Initial resources + every placement click. Lines = walls · curves = elevation contours. ◆ gold · ⬟ stone · ● berries · ✦ relic · ◌ wall gap
Your base· Open — 4t gap
Joselu9710's base· Open — 4t gap
Smoothed initial terrain · ◌ = detected wall gap · hover for details
Inputs per minute
— iDabs - - Joselu9710
Build order — iDabs
First 150 of 312 actions detected
| 0:00 | Queue | Villager (Male) |
| 0:00 | Queue | Villager (Male) |
| 0:01 | Queue | Villager (Male) |
| 0:02 | Build | House |
| 0:02 | Build | House |
| 0:08 | Queue | Villager (Male) |
| 1:18 | Queue | Villager (Male) |
| 1:51 | Build | Lumber Camp |
| 2:12 | Queue | Villager (Male) |
| 2:12 | Queue | Villager (Male) |
| 2:20 | Queue | Villager (Male) |
| 2:44 | Queue | Villager (Male) |
| 3:11 | Queue | Villager (Male) |
| 3:31 | Build | House |
| 3:32 | Build | House |
| 3:48 | Queue | Villager (Male) |
| 3:58 | Queue | Villager (Male) |
| 4:12 | Queue | Villager (Male) |
| 4:12 | Queue | Villager (Male) |
| 4:31 | Queue | Villager (Male) |
| 4:48 | Queue | Villager (Male) |
| 4:49 | Queue | Villager (Male) |
| 5:11 | Build | Mill |
| 5:21 | Research | Loom |
| 6:45 | Research | Feudal Age |
| 7:55 | Build | Barracks |
| 8:16 | Queue | Villager (Male) |
| 8:16 | Queue | Villager (Male) |
| 8:57 | Age | Feudal Age |
| 9:00 | Build | Stable |
| 9:03 | Build | House |
| 9:10 | Research | Double-Bit Axe |
| 9:11 | Research | Horse Collar |
| 9:28 | Queue | Spearman |
| 9:32 | Queue | Villager (Male) |
| 9:40 | Queue | Scout Cavalry |
| 9:49 | Build | House |
| 9:51 | Build | Farm |
| 9:58 | Queue | Scout Cavalry |
| 10:08 | Build | Palisade Wall |
| 10:17 | Queue | Villager (Male) |
| 10:19 | Build | Farm |
| 10:34 | Queue | Villager (Male) |
| 10:41 | Queue | Spearman |
| 11:11 | Build | Palisade Wall |
| 11:16 | Queue | Villager (Male) |
| 11:16 | Queue | Scout Cavalry |
| 11:27 | Build | Farm |
| 11:29 | Build | Farm |
| 11:34 | Build | House |
| 11:41 | Queue | Villager (Male) |
| 12:00 | Queue | Villager (Male) |
| 12:06 | Build | Farm |
| 12:08 | Build | Farm |
| 12:11 | Build | House |
| 12:16 | Queue | Spearman |
| 12:18 | Queue | Villager (Male) |
| 12:32 | Queue | Spearman |
| 12:37 | Build | Farm |
| 12:40 | Build | Farm |
| 12:41 | Build | Farm |
| 12:49 | Build | Palisade Wall |
| 12:57 | Queue | Villager (Male) |
| 12:58 | Queue | Villager (Male) |
| 13:14 | Build | Palisade Wall |
| 13:25 | Build | Farm |
| 13:28 | Build | Farm |
| 13:31 | Build | Farm |
| 13:35 | Build | Farm |
| 13:43 | Queue | Villager (Male) |
| 13:47 | Build | Palisade Wall |
| 13:55 | Build | Farm |
| 13:57 | Queue | Villager (Male) |
| 14:16 | Queue | Villager (Male) |
| 14:33 | Build | Mining Camp |
| 14:51 | Build | Palisade Wall |
| 14:51 | Build | Palisade Wall |
| 14:52 | Build | Palisade Wall |
| 14:53 | Build | Palisade Wall |
| 15:04 | Queue | Villager (Male) |
| 15:04 | Queue | Villager (Male) |
| 15:46 | Queue | Spearman |
| 15:52 | Build | Farm |
| 15:54 | Research | Wheelbarrow |
| 16:06 | Build | Farm |
| 16:56 | Build | Blacksmith |
| 17:18 | Research | Castle Age |
| 17:25 | Build | Lumber Camp |
| 17:29 | Build | Lumber Camp |
| 17:56 | Build | Palisade Wall |
| 18:55 | Queue | Villager (Male) |
| 19:13 | Queue | Villager (Male) |
| 19:15 | Build | Stable |
| 19:18 | Research | Scale Barding Armor |
| 19:20 | Research | Bloodlines |
| 19:33 | Research | Gold Mining |
| 19:58 | Age | Castle Age |
| 20:00 | Queue | Knight |
| 20:00 | Queue | Knight |
| 20:17 | Queue | Knight |
| 20:27 | Build | Town Center |
| 20:40 | Queue | Villager (Male) |
| 20:53 | Research | Husbandry |
| 20:55 | Queue | Knight |
| 21:11 | Queue | Villager (Male) |
| 21:11 | Queue | Villager (Male) |
| 21:19 | Build | House |
| 21:32 | Queue | Villager (Male) |
| 21:33 | Queue | Villager (Male) |
| 21:34 | Queue | Villager (Male) |
| 21:55 | Build | Town Center |
| 21:57 | Queue | Knight |
| 21:57 | Queue | Knight |
| 22:04 | Research | Forging |
| 22:12 | Queue | Villager (Male) |
| 22:12 | Queue | Villager (Male) |
| 22:15 | Build | Farm |
| 22:16 | Build | Farm |
| 22:16 | Build | Farm |
| 22:16 | Build | Farm |
| 22:16 | Build | Farm |
| 22:25 | Build | Farm |
| 22:31 | Queue | Villager (Male) |
| 22:31 | Queue | Villager (Male) |
| 22:37 | Queue | Knight |
| 22:38 | Queue | Knight |
| 22:38 | Queue | Knight |
| 22:40 | Queue | Villager (Male) |
| 22:46 | Build | House |
| 22:48 | Build | House |
| 22:48 | Build | House |
| 23:05 | Queue | Villager (Male) |
| 23:07 | Queue | Villager (Male) |
| 23:15 | Build | Farm |
| 23:16 | Build | Farm |
| 23:20 | Build | Farm |
| 23:23 | Queue | Villager (Male) |
| 23:23 | Queue | Villager (Male) |
| 23:33 | Build | House |
| 23:39 | Build | House |
| 23:44 | Queue | Knight |
| 23:44 | Queue | Knight |
| 23:45 | Queue | Villager (Male) |
| 23:46 | Queue | Villager (Male) |
| 23:46 | Queue | Villager (Male) |
| 23:54 | Build | Farm |
| 24:13 | Research | Iron Casting |
| 24:29 | Queue | Villager (Male) |
| 24:29 | Queue | Villager (Male) |
| 24:29 | Queue | Villager (Male) |
Build order — Joselu9710
First 150 of 451 actions detected
| 0:00 | Queue | Villager (Male) |
| 0:01 | Queue | Villager (Male) |
| 0:01 | Queue | Villager (Male) |
| 0:02 | Build | House |
| 0:03 | Build | House |
| 0:09 | Queue | Villager (Male) |
| 0:09 | Queue | Villager (Male) |
| 1:24 | Queue | Villager (Male) |
| 1:24 | Queue | Villager (Male) |
| 2:01 | Queue | Villager (Male) |
| 2:02 | Queue | Villager (Male) |
| 2:18 | Build | Lumber Camp |
| 2:19 | Queue | Villager (Male) |
| 2:19 | Queue | Villager (Male) |
| 2:45 | Queue | Villager (Male) |
| 2:57 | Queue | Villager (Male) |
| 3:29 | Build | House |
| 3:30 | Build | House |
| 3:34 | Queue | Villager (Male) |
| 3:34 | Queue | Villager (Male) |
| 3:37 | Queue | Villager (Male) |
| 3:37 | Queue | Villager (Male) |
| 4:14 | Queue | Villager (Male) |
| 4:14 | Queue | Villager (Male) |
| 4:22 | Build | Palisade Wall |
| 4:25 | Queue | Villager (Male) |
| 4:25 | Queue | Villager (Male) |
| 4:47 | Queue | Villager (Male) |
| 5:25 | Queue | Villager (Male) |
| 5:25 | Queue | Villager (Male) |
| 5:26 | Queue | Villager (Male) |
| 5:26 | Queue | Villager (Male) |
| 5:26 | Queue | Villager (Male) |
| 5:32 | Build | Palisade Wall |
| 5:59 | Build | Mill |
| 6:17 | Research | Loom |
| 7:13 | Research | Feudal Age |
| 7:43 | Build | Palisade Wall |
| 7:44 | Build | Palisade Wall |
| 7:44 | Build | Palisade Wall |
| 7:45 | Build | Palisade Wall |
| 7:48 | Build | Palisade Wall |
| 7:50 | Build | Palisade Wall |
| 7:50 | Build | Palisade Wall |
| 8:00 | Queue | Villager (Male) |
| 8:07 | Build | Barracks |
| 8:08 | Build | Palisade Wall |
| 8:41 | Queue | Villager (Male) |
| 8:51 | Queue | Villager (Male) |
| 9:23 | Age | Feudal Age |
| 9:27 | Build | Stable |
| 9:28 | Queue | Spearman |
| 9:36 | Research | Double-Bit Axe |
| 9:43 | Queue | Villager (Male) |
| 9:57 | Research | Horse Collar |
| 9:57 | Research | Horse Collar |
| 10:10 | Queue | Scout Cavalry |
| 10:11 | Queue | Scout Cavalry |
| 10:11 | Queue | Scout Cavalry |
| 10:26 | Queue | Villager (Male) |
| 10:36 | Build | Farm |
| 10:38 | Build | Farm |
| 10:43 | Build | Farm |
| 10:54 | Queue | Villager (Male) |
| 11:00 | Queue | Spearman |
| 11:06 | Queue | Villager (Male) |
| 11:17 | Build | House |
| 11:18 | Build | House |
| 11:26 | Queue | Villager (Male) |
| 11:30 | Build | Mill |
| 11:31 | Build | Farm |
| 11:31 | Build | Farm |
| 11:31 | Build | Farm |
| 11:32 | Build | Farm |
| 11:32 | Build | Farm |
| 11:32 | Build | Farm |
| 11:32 | Build | Farm |
| 11:45 | Build | Farm |
| 11:49 | Build | House |
| 11:55 | Queue | Villager (Male) |
| 11:58 | Build | Palisade Wall |
| 12:05 | Build | Palisade Wall |
| 12:08 | Build | Palisade Wall |
| 12:11 | Queue | Villager (Male) |
| 12:14 | Build | House |
| 12:16 | Build | Palisade Wall |
| 12:26 | Build | Palisade Wall |
| 12:28 | Build | Farm |
| 12:28 | Queue | Villager (Male) |
| 12:37 | Queue | Villager (Male) |
| 12:40 | Queue | Villager (Male) |
| 12:40 | Queue | Villager (Male) |
| 12:41 | Queue | Scout Cavalry |
| 12:46 | Queue | Spearman |
| 12:57 | Queue | Villager (Male) |
| 13:00 | Build | Farm |
| 13:00 | Build | Farm |
| 13:00 | Build | Farm |
| 13:00 | Build | Farm |
| 13:01 | Build | Farm |
| 13:01 | Build | Farm |
| 13:01 | Build | Farm |
| 13:09 | Queue | Villager (Male) |
| 13:25 | Build | House |
| 13:27 | Build | Palisade Wall |
| 13:30 | Build | House |
| 13:36 | Build | Palisade Wall |
| 13:39 | Queue | Villager (Male) |
| 14:04 | Queue | Villager (Male) |
| 14:18 | Queue | Villager (Male) |
| 14:25 | Build | Farm |
| 14:27 | Build | Farm |
| 14:41 | Queue | Villager (Male) |
| 14:49 | Build | Mill |
| 14:49 | Build | Farm |
| 14:50 | Build | Farm |
| 14:50 | Build | Farm |
| 14:50 | Build | Farm |
| 14:50 | Build | Farm |
| 14:50 | Build | Farm |
| 15:02 | Queue | Villager (Male) |
| 15:09 | Build | Farm |
| 15:10 | Build | Farm |
| 15:14 | Queue | Villager (Male) |
| 15:32 | Build | Farm |
| 15:45 | Build | Mining Camp |
| 16:28 | Queue | Villager (Male) |
| 16:33 | Build | Market |
| 17:06 | Build | Stable |
| 17:19 | Research | Castle Age |
| 17:19 | Queue | Villager (Male) |
| 17:28 | Queue | Scout Cavalry |
| 17:33 | Research | Gold Mining |
| 17:41 | Build | Farm |
| 18:06 | Build | Blacksmith |
| 18:07 | Queue | Scout Cavalry |
| 18:08 | Queue | Scout Cavalry |
| 18:08 | Queue | Scout Cavalry |
| 18:08 | Queue | Scout Cavalry |
| 18:13 | Queue | Villager (Male) |
| 18:20 | Queue | Villager (Male) |
| 18:47 | Queue | Villager (Male) |
| 18:55 | Research | Bloodlines |
| 18:55 | Research | Bloodlines |
| 18:59 | Queue | Villager (Male) |
| 19:07 | Research | Forging |
| 19:07 | Research | Forging |
| 19:11 | Build | Mining Camp |
| 19:11 | Queue | Villager (Male) |
| 19:29 | Queue | Villager (Male) |
Match timeline
| 4:22 | Joselu9710 · wall_segment Palisade Wall x4 |
| 5:32 | Joselu9710 · wall_segment Palisade Wall x1 |
| 7:43 | Joselu9710 · wall_segment Palisade Wall x1 |
| 7:44 | Joselu9710 · wall_segment Palisade Wall x1 |
| 7:44 | Joselu9710 · wall_segment Palisade Wall x1 |
| 7:45 | Joselu9710 · wall_segment Palisade Wall x1 |
| 7:48 | Joselu9710 · wall_segment Palisade Wall x1 |
| 7:50 | Joselu9710 · wall_segment Palisade Wall x1 |
| 7:50 | Joselu9710 · wall_segment Palisade Wall x1 |
| 7:55 | iDabs · first_building Barracks |
| 8:07 | Joselu9710 · first_building Barracks |
| 8:08 | Joselu9710 · wall_segment Palisade Wall x1 |
| 8:57 | iDabs · age_up feudal |
| 9:00 | iDabs · first_building Stable |
| 9:23 | Joselu9710 · age_up feudal |
| 9:27 | Joselu9710 · first_building Stable |
| 10:08 | iDabs · wall_segment Palisade Wall x2 |
| 11:11 | iDabs · wall_segment Palisade Wall x1 |
| 11:58 | Joselu9710 · wall_segment Palisade Wall x3 |
| 12:05 | Joselu9710 · wall_segment Palisade Wall x1 |
| 12:08 | Joselu9710 · wall_segment Palisade Wall x1 |
| 12:16 | Joselu9710 · wall_segment Palisade Wall x12 |
| 12:26 | Joselu9710 · wall_segment Palisade Wall x5 |
| 12:49 | iDabs · wall_segment Palisade Wall x1 |
| 13:14 | iDabs · wall_segment Palisade Wall x3 |
| 13:27 | Joselu9710 · wall_segment Palisade Wall x10 |
| 13:36 | Joselu9710 · wall_segment Palisade Wall x16 |
| 13:47 | iDabs · wall_segment Palisade Wall x8 |
| 14:51 | iDabs · wall_segment Palisade Wall x1 |
| 14:51 | iDabs · wall_segment Palisade Wall x1 |
| 14:52 | iDabs · wall_segment Palisade Wall x1 |
| 14:53 | iDabs · wall_segment Palisade Wall x1 |
| 17:18 | Joselu9710 · first_market_sell 100 food |
| 17:56 | iDabs · wall_segment Palisade Wall x1 |
| 19:58 | iDabs · age_up castle |
| 19:59 | Joselu9710 · age_up castle |
| 24:10 | Joselu9710 · first_building Monastery |
| 26:26 | iDabs · first_building Monastery |
| 27:50 | Joselu9710 · first_building Castle |
| 28:15 | iDabs · first_building Castle |
| 29:28 | iDabs · first_building Siege Workshop |
| 31:50 | Joselu9710 · first_market_buy 100 wood |
| 32:15 | Joselu9710 · age_up imperial |
| 33:36 | iDabs · first_market_sell 100 wood |
| 34:13 | iDabs · wall_segment Stone Wall x1 |
| 34:46 | iDabs · age_up imperial |
| 36:30 | iDabs · resign |
[ AI ANALYSIS · 1 CREDIT ]
What really happened in this match?
Wolo.gg analyzes every decision: build order, eco, micro, common mistakes by bracket. Personalized analysis on WhatsApp or Discord in 30 seconds.
Civ guide
Italians
Perfil
iDabs